 Dungeon Crawl Stone Soup version 0.28-a0-1567-g1695149f81 (webtiles) character file.

Game seed: 13174587864463107350

835 bearlyready the Bolt Thrower (level 7, -11/61 HPs)
             Began as a Minotaur Hunter on Jan 19, 2022.
             Was an Initiate of Ashenzari.
             Mangled by an ogre (23 damage)
             ... on level 5 of the Dungeon.
             The game lasted 00:10:57 (4305 turns).

bearlyready the Bolt Thrower (Minotaur Hunter)      Turns: 4305, Time: 00:10:57

Health: -11/61     AC:  8    Str: 19    XL:     7   Next: 66%
Magic:  6/6        EV: 10    Int:  8    God:    Ashenzari [......]
Gold:   50         SH:  5    Dex: 10    Spells: 6/6 levels left

rFire   . . .      SeeInvis .   r - +1 hand axe (venom)
rCold   . . .      Faith    .   (no shield)
rNeg    . . .      Spirit   .   t - +0 scale mail
rPois   .          Reflect  +   (helmet restricted)
rElec   .          Harm     .   w - +1 cloak
rCorr   .          Rampage  .   (no gloves)
Will    .....                   (no boots)
Stlth   ..........              v - amulet of reflection
HPRegen 0.20/turn               (no ring)
MPRegen 0.10/turn               (no ring)

@: no status effects
A: horns 2, retaliatory headbutt
a: Renounce Religion


You were on level 5 of the Dungeon.
You worshipped Ashenzari.
Ashenzari was noncommittal.
You visited 2 branches of the dungeon, and saw 6 of its levels.

You collected 271 gold pieces.
You spent 221 gold pieces at shops.

Inventory:

Hand Weapons
 a - a +1 hand crossbow
 b - a +0 short sword
 r - a +1 hand axe of venom (weapon)
Missiles
 d - 52 bolts
 x - 4 boomerangs (quivered)
Armour
 c - a +0 leather armour
 j - a +0 cloak
 m - a +0 ring mail
 t - a +0 scale mail (worn)
 w - a +1 cloak (worn)
Jewellery
 v - an amulet of reflection (around neck)
Wands
 y - a wand of polymorph (2)
Scrolls
 e - 4 scrolls of brand weapon {unknown}
 f - 3 scrolls of teleportation {unknown}
 g - 2 scrolls of identify {unknown}
 k - 2 scrolls of magic mapping {unknown}
 n - a scroll of torment {unknown}
 s - a scroll of enchant armour {unknown}
Potions
 h - 3 potions of curing
 i - 2 potions of flight {unknown}
 l - 3 potions of lignification {unknown}
 o - 2 potions of mutation {unknown}
 p - a potion of berserk rage {unknown}
 q - a potion of degeneration {unknown}
 u - a potion of cancellation {unknown}
 z - a potion of resistance {unknown}
 A - 2 potions of heal wounds
 B - a potion of might


   Skills:
 - Level 5.0 Fighting
 + Level 6.9 Axes
 - Level 7.1 Crossbows
 - Level 2.1 Dodging
 - Level 0.7 Stealth


You had 6 spell levels left.
You didn't know any spells.
Your spell library contained the following spells:

 Spells                   Type           Power      Damage    Failure   Level
 Foxfire                  Conj/Fire      0%         2x1d4     80%         1
 Ensorcelled Hibernation  Hex/Ice        0%         N/A       91%         2
 Passwall                 Tmut/Erth      0%         N/A       91%         2
 Conjure Flame            Conj/Fire      0%         6-21      99%         3
 Inner Flame              Hex/Fire       0%         N/A       99%         3
 Portal Projectile        Hex/Tloc       0%         N/A       99%         3
 Swiftness                Air            0%         N/A       99%         3
 Flame Wave               Conj/Fire      0%         2d4       100%        4
 Blade Hands              Tmut           0%         N/A       100%        5
 Excruciating Wounds      Necr           0%         N/A       100%        5


Dungeon Overview and Level Annotations

Branches:
Dungeon (5/15)             Temple (1/1) D:5

Altars:
Ashenzari
Cheibriados
Dithmenos
Elyvilon
Fedhas
Gozag
Hepliaklqana
Kikubaaqudgha
Makhleb
Nemelex Xobeh
Okawaru
Qazlal
Ru
Sif Muna
Trog
Uskayaw
Vehumet
Wu Jian
Xom
Yredelemnul
Zin
The Shining One

Shops:
D:5 *!


Innate Abilities, Weirdness & Mutations

You have a pair of horns on your head.
You reflexively headbutt those who attack you in melee.


Message History

You barely miss the sky beast.
The sky beast is heavily wounded.
The sky beast closely misses you.
You hit the sky beast.
The sky beast is poisoned.
The sky beast is heavily wounded.
The sky beast closely misses you.
You closely miss the sky beast. You headbutt the sky beast.
The sky beast is heavily wounded.
The sky beast hits you. The sky beast shocks you.
You hit the sky beast.
The sky beast looks as sick as possible!
The sky beast is severely wounded.
The sky beast barely misses you. You furiously retaliate!
You headbutt the sky beast!
You kill the sky beast!
No target in view!
You see here a sky beast corpse.
No target in view!
i - 2 pink potions (gained 1)
Found Qeang's General Store.
There is an entrance to Qeang's General Store here.
An ogre comes into view. It is wielding a +0 giant club.
The ogre shouts!
An ogre is nearby!
You block the ogre's attack.
There is an open door here.
You hit the ogre. You headbutt the ogre.
The ogre is moderately wounded.
You slash the ogre!
The ogre is poisoned.
You headbutt the ogre.
The ogre is severely wounded.
The ogre hits you with a +0 giant club!!
You are too injured to fight recklessly!
You hit the ogre.
The ogre is almost dead.
The ogre hits you with a +0 giant club!!
* * * LOW HITPOINT WARNING * * *
You barely miss the ogre.
The ogre is almost dead.
The ogre hits you with a +0 giant club!!
You die...

#. #.# #
#.###.# +
#.....# #
#...###
#...#..
#.##.∩#.#
#.....#.######
#####.#......#
#.@O.....#
###......#
#######


You could see an ogre (very poisoned).

Vanquished Creatures
  2 sky beasts (D:5)
  2 centaurs
  A water moccasin skeleton (D:4)
  Crazy Yiuf (D:3)
  3 hounds (D:4)
  A bullfrog skeleton (D:5)
  A centaur skeleton (D:5)
  A jelly (D:3)
  Ijyb (D:5)
  A scorpion zombie (D:5)
  A hound skeleton (D:4)
  4 gnolls
  3 adders
  3 ufetubi
  An adder skeleton (D:4)
  2 worms
  A dart slug (D:2)
  5 orcs
  5 ball pythons
  6 bats
  10 endoplasms
  3 giant cockroaches
  11 goblins
  13 hobgoblins
  2 quokkas (D:1)
  4 frilled lizards
  5 kobolds
  6 rats
99 creatures vanquished.

Vanquished Creatures (others)
  A plant (D:4)
1 creature vanquished.

Grand Total: 100 creatures vanquished

Notes
Turn   | Place    | Note
-------+----------+-------------------------------------------
     0 | D:1      | bearlyready the Minotaur Hunter began the quest for the
                  | Orb.
     0 | D:1      | Reached XP level 1. HP: 18/18 MP: 0/0
   252 | D:1      | Reached XP level 2. HP: 21/25 MP: 1/1
   428 | D:1      | Reached skill level 5 in Crossbows
   507 | D:1      | Reached XP level 3. HP: 31/31 MP: 2/2
  1266 | D:2      | Reached XP level 4. HP: 40/40 MP: 3/3
  1952 | D:3      | Found a faded altar of an unknown god.
  2257 | D:3      | Found a runed translucent door.
  2258 | D:3      | Noticed Crazy Yiuf
  2398 | D:3      | Reached skill level 1 in Axes
  2398 | D:3      | Reached XP level 5. HP: 42/47 MP: 4/4
  2549 | D:3      | Killed Crazy Yiuf
  2550 | D:3      | Reached skill level 6 in Crossbows
  2658 | D:4      | Noticed a centaur
  2665 | D:4      | Killed a centaur
  2666 | D:4      | Reached skill level 5 in Fighting
  2801 | D:4      | Reached XP level 6. HP: 27/56 MP: 5/5
  3416 | D:5      | Entered Level 5 of the Dungeon
  3424 | D:5      | Reached skill level 7 in Crossbows
  3424 | D:5      | Reached XP level 7. HP: 51/61 MP: 6/6
  3689 | D:5      | Reached skill level 5 in Axes
  3719 | D:5      | Found a hazy altar of Hepliaklqana.
  3747 | D:5      | Found Gopesute's Distillery.
  3751 | D:5      | Bought a potion of heal wounds for 65 gold pieces
  3751 | D:5      | Bought a potion of curing for 39 gold pieces
  3751 | D:5      | Bought a potion of heal wounds for 65 gold pieces
  3751 | D:5      | Bought a potion of might for 52 gold pieces
  3782 | D:5      | Found a staircase to the Ecumenical Temple.
  3795 | Temple   | Entered the Ecumenical Temple
  4050 | Temple   | Became a worshipper of Ashenzari the Shackled
  4107 | D:5      | Noticed Ijyb
  4121 | D:5      | Killed Ijyb
  4294 | D:5      | Found Qeang's General Store.
  4305 | D:5      | Mangled by an ogre

Illustrated notes

Levels and vault maps discovered:
D:1:      lightli_molten_gateway, layout_basic, serial_bayou_pond_e,
          hangedman_decor_points
D:2:      layout_basic
D:3:      layout_rooms, basic_ecumenical_altar, minmay_joined_circles,
          uniq_crazy_yiuf_cottage
D:4:      layout_rooms, serial_bayou_pond_b
D:5:      layout_basic, nzn_hepliaklqana_mist_gate,
          minmay_temple_entry_antechambers, serial_shops, shop,
          nicolae_stop_n_shop_2, uniq_ijyb
Temple:   minmay_crystal_snake_temple

Skill      XL: |  1  2  3  4  5  6  7 |
---------------+----------------------+-----
Fighting       | 3 4 5 |  5.0
Crossbows      | 5 6 7 |  7.1
Axes           | 1 2 4 6 |  6.9
Dodging        | |  2.1
Stealth        | |  0.7

Action                   |  1- 3 |  4- 6 |  7- 9 || total
-------------------------+-------+-------+-------++-------
Melee: Short sword       |    73 |    31 |       ||   104
       Headbutt          |    11 |    23 |    14 ||    48
       Punch             |     1 |     1 |     1 ||     3
       Hand axe          |       |    81 |    55 ||   136
 Fire: Hand crossbow     |     7 |     3 |       ||    10
Armor: Leather armour    |    21 |     8 |       ||    29
       Ring mail         |       |    10 |       ||    10
       Scale mail        |       |    31 |    22 ||    53
Dodge: Dodged            |    44 |    72 |    25 ||   141
Block: Other             |       |    24 |    13 ||    37
       Reflection        |       |     4 |     1 ||     5

Table legend: (Time is in decaauts)
 A = Elapsed time spent in this place.
 B = Non-inter-level travel time spent in this place.
 C = Inter-level travel time spent in this place.
 D = Time resting spent in this place.
 E = Time spent auto-exploring this place.
 F = Levels seen in this place.
 G = Mean time per level.
                   A        B        C        D        E       F      G
               +--------+--------+--------+--------+--------+-----+--------+
         Total |   4334 |   4181 |    153 |      0 |   3273 |   6 |  722.3 |
       Dungeon |   4063 |   3973 |     90 |      0 |   3169 |   5 |  812.6 |
        Temple |    271 |    208 |     63 |      0 |    104 |   1 |  271.0 |
               +--------+--------+--------+--------+--------+-----+--------+

Top non-repeatable levels by time:
     D:2: 1101 daAuts
     D:1: 861 daAuts
     D:4: 766 daAuts
     D:3: 713 daAuts
     D:5: 619 daAuts
  Temple: 271 daAuts
